[Event "Opera Euro Rapid Prelims 2021"]
[Site "Online"]
[Date "2021.02.03"]
[Round "9.1"]
[White "Shankland, Sam"]
[Black "Dubov, Daniil"]
[Result "0-1"]
[ECO "D08"]
[WhiteElo "2691"]
[BlackElo "2710"]
[Annotator "RC"]
[PlyCount "142"]
[EventDate "2021.02.02"]
[EventType "tourn"]
[EventCountry "NET"]
[Tiebreak "Koya+Number of black wins+Number of wins"]
[SourceTitle "playchess.com"]
[Source "ChessBase"]
[SourceQuality "1"]
[TimeControl "900+10"]

1. d4 d5 2. c4 e5 3. dxe5 Ne7 4. Nf3 Nbc6 5. Nbd2 dxc4 6. e3 Ng6 7. Qa4 Bd7 8. e6 Bxe6 9. Bxc4 Bxc4 10. Qxc4 Be7 11. O-O O-O 12. Qb5 Rb8 13. Ne4 Qd7 14. Bd2 Nce5 15. Qxd7 Nxd7 16. Rac1 c5 17. Rfd1 Rfd8 18. Bc3 Ngf8 19. Kf1 Ne6 20. b3 f6 21. Ke2 Kf7 22. g4 Nb6 23. Ba5 Rxd1 24. Rxd1 Na8 25. h4 b6 26. Bc3 Rd8 27. Rxd8 Nxd8 28. g5 Ne6 29. gxf6 gxf6 30. Ng3 Nac7 31. Nf5 Nd5 32. Bd2 Bf8 33. a4 a6 34. Kd3 b5 35. axb5 axb5 36. Ba5 Ng7 37. Nxg7 Bxg7 38. h5 Ke6 39. Bd2 Bh6 40. Nh4 Bg5 41. Ng2 f5 42. f4 Be7 43. e4 fxe4+ 44. Kxe4 Nf6+ 45. Kf3 Nxh5 46. Ne3 Nf6 47. f5+ Kd6 48. Be1 Nd5 49. Bg3+ Kc6 50. Ng4 Bd6 51. Bh4 h5 52. Nf2 Be5 53. Ne4 Nb6 54. f6 Nd7 55. f7 Kd5 56. Bg3 Bg7 57. Nd6 Kc6 58.
Ke4 h4 59. Bh2 Bf8 60. Nf5 h3 61. Bg3 b4 62. Kf3 Kd5 63. Kg4 Ne5+ 64. Kxh3 Nxf7 65. Ne3+ Kd4 66. Nc4 Kc3 67. Na5 Bd6 68. Bf2 Ne5 69. Be1+ Kc2 70. Bg3 Bc7 71. Nb7 c4 0-1

[Event "Opera Euro Rapid Prelims 2021"]
[Site "Online"]
[Date "2021.02.03"]
[Round "10.2"]
[White "Ding, Liren"]
[Black "Vidit, Santosh Gujrathi"]
[Result "1-0"]
[ECO "A36"]
[WhiteElo "2791"]
[BlackElo "2726"]
[Annotator "RC"]
[PlyCount "101"]
[EventDate "2021.02.02"]
[EventType "tourn"]
[EventCountry "NET"]
[Tiebreak "Koya+Number of black wins+Number of wins"]
[SourceTitle "playchess.com"]
[Source "ChessBase"]
[SourceQuality "1"]
[TimeControl "900+10"]

1. c4 c5 2. g3 g6 3. Bg2 Bg7 4. Nc3 Nc6 5. Rb1 Nf6 6. a3 O-O 7. b4 cxb4 8. axb4 a6 9. d4 d6 10. Nf3 Bf5 11. Rb2 Ne4 12. Nd5 b5 13.
cxb5 axb5 14. O-O Ra1 15. Qc2 Nxd4 16. Nxd4 Bxd4 17. Bxe4 Rxc1 18. Rxc1 Bxb2 19. Qxb2 Bxe4 20. Rc8 Bxd5 21.
Rxd8 Rxd8 22. Qd4 Bc4 23. Qa7 Kf8 24. Kf1 f6 25. f3 Kf7 26.
Kf2 d5 27. e3 h5 28. h4 Bd3 29. Ke1 Bc4 30. Kd2 Rg8 31. Kc3 Be2 32. Qb7 Rd8 33. Kd4 Bc4 34. Kc5 Ke8 35. g4 hxg4 36. fxg4 Kf7 37. Qc7 Rh8 38. Qg3 Rc8+ 39. Kb6 Bd3 40. g5 Rc4 41. Qg2 Re4 42. Qf3 Kg7 43. Kc7 Bc4 44. Qg3 Kf7 45. Qf2 Ke6 46. Kd8 fxg5 47. hxg5 Rg4 48. Ke8 Rxg5 49. Qf7+ Ke5 50. Qf4+ Ke6 51. Qxg5 1-0

[Event "Opera Euro Rapid Prelims 2021"]
[Site "Online"]
[Date "2021.02.03"]
[Round "10.3"]
[White "Carlsen, Magnus"]
[Black "Nakamura, Hikaru"]
[Result "1-0"]
[ECO "D37"]
[WhiteElo "2862"]
[BlackElo "2736"]
[Annotator "RC"]
[PlyCount "65"]
[EventDate "2021.02.02"]
[EventType "tourn"]
[EventCountry "NET"]
[Tiebreak "Koya+Number of black wins+Number of wins"]
[SourceTitle "playchess.com"]
[Source "ChessBase"]
[SourceQuality "1"]
[TimeControl "900+10"]

1. d4 Nf6 2. c4 e6 3. Nf3 d5 4. Nc3 Be7 5. Bf4 O-O 6. a3 c5 7. dxc5 Bxc5 8.
b4 Be7 9. e3 a5 10. cxd5 Nxd5 11. Nxd5 exd5 12. b5 Nd7 13. Be2 Nc5 14. O-O a4 15. Be5 Nb3 16. Ra2 Be6 17. Nd4 Bd6 18. Nxe6 fxe6 19. Bb2 Rc8 20. g3 Qd7 21. Bd3 Qf7 22. e4 Bc5 23. exd5 exd5 24. Be5 Rce8 25. Bf4 h6 26. Qg4 Re6 27. h4 h5 28. Qd1 Rf6 29. Kg2 g6 30. Bh6 Re8 31. Bg5 Rfe6 32. Bc2 Re1 33. Bxg6 1-0

[Event "Opera Euro Rapid Prelims 2021"]
[Site "Online"]
[Date "2021.02.03"]
[Round "10.7"]
[White "Bluebaum, Matthias"]
[Black "Duda, Jan-Krzysztof"]
[Result "0-1"]
[ECO "D05"]
[WhiteElo "2670"]
[BlackElo "2743"]
[Annotator "RC"]
[PlyCount "158"]
[EventDate "2021.02.02"]
[EventType "tourn"]
[EventCountry "NET"]
[Tiebreak "Koya+Number of black wins+Number of wins"]
[SourceTitle "playchess.com"]
[Source "ChessBase"]
[SourceQuality "1"]
[TimeControl "900+10"]

1. d4 Nf6 2. Nf3 e6 3. e3 b6 4. Bd3 Bb7 5. O-O d5 6. b3 Nbd7 7. c4 dxc4 8. bxc4 c5 9. Nc3 cxd4 10. exd4 Be7 11. Re1 O-O 12. Bb2 Re8 13. Rc1 Qc7 14. d5 exd5 15. Nxd5 Nxd5 16. cxd5 Qd6 17. Bb5 Bf8 18. Rxe8 Rxe8 19. Bc6 Bxc6 20. dxc6 Nc5 21. Qxd6 Bxd6 22. Rd1 Bb8 23. Nd4 Rd8 24. Rb1 f6 25. Nb5 Ne6 26. g3 a6 27. Nc3 Rd6 28.
Ba3 Rd3 29. Bb2 b5 30. Rc1 Kf7 31. Ne4 Bc7 32. Rc2 Rd5 33. Kg2 f5 34. Nd2 g5 35. h3 h5 36. Nf1 f4 37. g4 Rd3 38. f3 hxg4 39. hxg4 Ba5 40. Be5 Bc7 41. Bxc7 Nxc7 42. Nd2 Rd5 43. Ne4 Ke7 44. Kf1 Kd8 45.
Rh2 Ne6 46. Rh6 Nc5 47. Nf6 Rd3 48. Ke2 Re3+ 49. Kf2 Re6 50.
Rg6 Nd3+ 51. Kg2 Rxc6 52. Rxg5 Rc2+ 53. Kh3 Ne1 54. Rf5 Nxf3 55. Rxf4 Ng1+ 56. Kh4 Rh2+ 57. Kg3 Rxa2 58. Re4 Ra3+ 59. Kf4 Nh3+ 60. Ke5 Kc7 61. Kd5 Ng5 62. Re5 Rf3 63. Ne8+ Kd7 64. Rxg5 Kxe8 65. Kc5 Rc3+ 66. Kb6 Ra3 67. Rf5 b4 68. Rf1 b3 69. g5 b2 70. Rb1 Ra2 71. g6 Kf8 72. Kc5 a5 73. Kd4 a4 74. Ke5 Kg7 75.
Kf5 a3 76. Rd1 Ra1 77. Rd7+ Kf8 78. g7+ Kg8 79. Kf6 Rf1+ 0-1

[Event "Opera Euro Rapid Prelims 2021"]
[Site "Online"]
[Date "2021.02.03"]
[Round "10.8"]
[White "Shankland, Sam"]
[Black "Dominguez Perez, Leinier"]
[Result "1/2-1/2"]
[ECO "D38"]
[WhiteElo "2691"]
[BlackElo "2758"]
[Annotator "RC"]
[PlyCount "87"]
[EventDate "2021.02.02"]
[EventType "tourn"]
[EventCountry "NET"]
[Tiebreak "Koya+Number of black wins+Number of wins"]
[SourceTitle "playchess.com"]
[Source "ChessBase"]
[SourceQuality "1"]
[TimeControl "900+10"]

1. d4 Nf6 2. c4 e6 3. Nf3 d5 4. Nc3 Bb4 5. cxd5 exd5 6. Bg5 h6 7. Bh4 O-O 8. e3 Bf5 9. Qb3 Bxc3+ 10. Qxc3 g5 11. Bg3 Ne4 12. Qa3 Re8 13.
Bd3 h5 14. Ne5 Qe7 15. Qxe7 Rxe7 16. O-O-O f6 17. f3 fxe5 18. fxe4 Bxe4 19. Bxe4 dxe4 20. h4 exd4 21. Rxd4 Nc6 22. Rd5 Nb4 23. Rxg5+ Rg7 24. Kd2 Rd8+ 25. Ke2 Nd3 26. Bf4 c6 27. g4 Rxg5 28. hxg5 hxg4 29. Rg1 Kg7 30. Rxg4 Kg6 31. Rh4 Kf5 32. Rh7 Nxf4+ 33. exf4 Kxf4 34. g6 Kf5 35. Rxb7 Kxg6 36. Rxa7 Kf5 37. Rc7 Ra8 38. Rxc6 Rxa2 39. Ke3 Rxb2 40. Rc5+ Ke6 41. Kxe4 Rb4+ 42. Kd3 Kd6 43. Rc4 Rxc4 44. Kxc4 1/2-1/2